 Dungeon Crawl Stone Soup version 0.23.2 (webtiles) character file.

Game seed: 340169546038821535

5364 teukkam the Slicer (level 10, -26/133 HPs)
             Began as a Minotaur Fighter on Apr 1, 2019.
             Was a Priest of Dithmenos.
             Killed from afar by a killer bee (38 damage)
             ... with an exploding inner flame
             ... hexed by the player character
             ... on level 9 of the Dungeon.
             The game lasted 00:30:10 (7670 turns).

teukkam the Slicer (Minotaur Fighter)               Turns: 7670, Time: 00:30:11

Health: -26/133    AC:  6    Str: 32 (34) XL:     10   Next: 39%
Magic:  11/11      EV: 14    Int:  4 (5)  God:    Dithmenos [***...]
Gold:   472        SH: 15    Dex: 21 (23) Spells: 9/9 levels left

rFire    . . .     SeeInvis +   a - +1 dagger (drain)
rCold    . . .     Gourm    .   c - +0 shield
rNeg     + . .     Faith    .   d - +2 robe of the Swamp {rN+ Dex+3 Stlth+}
rPois    .         Spirit   .   (helmet restricted)
rElec    +         Reflect  +   (no cloak)
rCorr    .         Harm     .   (no gloves)
MR       .....                  p - +1 pair of boots
Stlth    ..........             i - +3 amulet of reflection
HPRegen  0.32/turn              M - ring of see invisible
MPRegen  0.12/turn              G - ring "Caorif" {+Fly Str+5 Dex+5 SInv}

@: agile, berserking, lethally poisoned (-26 -> -27), very slightly
contaminated, wreathed by umbra, very quick
A: retaliatory headbutt, horns 2, robust 1, electricity resistance
a: Shadow Step, Renounce Religion, Evoke Flight


You were on level 9 of the Dungeon.
You worshipped Dithmenos.
Dithmenos was most pleased with you.
You were hungry.

You visited 1 branch of the dungeon, and saw 9 of its levels.

You collected 472 gold pieces.

Inventory:

Hand Weapons
 a - a +1 dagger of draining (weapon)
 n - a +1 spear of flaming
 t - a -2 dagger
 u - a +0 war axe
 L - a +0 short sword
Missiles
 h - 20 poisoned needles
 o - 5 tomahawks (quivered)
 E - 42 bolts
 P - 7 throwing nets
 U - 6 javelins
Armour
 b - a +0 scale mail
 c - a +0 shield (worn)
 d - the +2 robe of the Swamp (worn) {rN+ Dex+3 Stlth+}
   (You found it on level 4 of the Dungeon)

   It affects your dexterity (+3).
   It protects you from negative energy.
   It makes you more stealthy.
 p - a +1 pair of boots (worn)
Jewellery
 i - a +3 amulet of reflection (around neck)
 D - an uncursed ring of positive energy
 G - the ring "Caorif" (right hand) {+Fly Str+5 Dex+5 SInv}
   (You found it on level 4 of the Dungeon)

   [ring of flight]

   It affects your strength (+5).
   It affects your dexterity (+5).
   It lets you see invisible.
   It lets you fly.
 M - a ring of see invisible (left hand)
Wands
 r - a wand of paralysis (2)
 v - a wand of acid (3)
 J - a wand of flame (12)
 S - a wand of random effects (17)
 V - a wand of scattershot (4)
Scrolls
 e - 6 scrolls of remove curse
 k - 6 scrolls of identify
 w - a scroll of enchant armour
 y - a scroll of fear {unknown}
 A - 2 scrolls of immolation
 B - a scroll of magic mapping {unknown}
 F - 5 scrolls of teleportation {unknown}
 I - a scroll of vulnerability {unknown}
 N - 3 scrolls of enchant weapon {unknown}
 R - a scroll of random uselessness {unknown}
Potions
 g - 4 potions of agility
 l - 2 potions of degeneration
 m - 4 potions of resistance {unknown}
 q - 3 potions of berserk rage
 x - 2 potions of cancellation {unknown}
 z - 4 potions of curing {unknown}
 C - 3 potions of heal wounds {unknown}
 H - a potion of flight {unknown}
 K - 2 potions of brilliance {unknown}
 O - a potion of experience {unknown}
 Q - a potion of lignification {unknown}
 T - a potion of haste {unknown}
 W - a potion of invisibility {unknown}
Comestibles
 f - 6 rations


   Skills:
 - Level 5.0 Fighting
 + Level 10.7 Short Blades
 - Level 4.1 Axes
 - Level 5.0 Armour
 + Level 9.1 Stealth
 - Level 5.0 Shields
 + Level 3.0 Invocations


You had 9 spell levels left.
You didn't know any spells.
Your spell library contained the following spells:

 Spells                   Type           Power        Failure   Level  Hunger
 Animate Skeleton         Necr           N/A          90%         1    ##.....
 Apportation              Tloc           #.....       90%         1    ##.....
 Beastly Appendage        Tmut           #.....       90%         1    ##.....
 Confusing Touch          Hex            #.....       90%         1    ##.....
 Summon Small Mammal      Summ           #...         90%         1    ##.....
 Sticks to Snakes         Tmut           #.......     97%         2    ###....
 Spider Form              Tmut/Pois      #.........   99%         3    ####...
 Ice Form                 Ice/Tmut       #.......     100%        4    #####..
 Blade Hands              Tmut           #.........   100%        5    ######.


Dungeon Overview and Level Annotations

Branches:
Dungeon (9/15)             Temple (0/1) D:6            Lair (0/6) D:8
    Orc: D:9-12

Altars:
Dithmenos
Elyvilon
Fedhas
Gozag
Hepliaklqana
Kikubaaqudgha
Okawaru
Qazlal
Sif Muna
Trog
Wu Jian
Yredelemnul
The Shining One

Shops:
D:6 !(:}   D:7 !


Innate Abilities, Weirdness & Mutations

You reflexively headbutt those who attack you in melee.
You have a pair of horns on your head.
You are robust. (+10% HP)
You are resistant to electric shocks. (rElec)


Message History

The ogre is almost dead.
The fiery explosion engulfs the killer bee!!
The killer bee explodes!
The fiery explosion engulfs the centaur!!!
The centaur explodes!
The fiery explosion engulfs the ogre!!!
The ogre explodes!
The fiery explosion engulfs the big kobold!!
The big kobold is almost dead.
Dithmenos accepts your kill.
The fiery explosion engulfs the big kobold!!!
The big kobold explodes!
The fiery explosion engulfs you!!
* * * LOW HITPOINT WARNING * * *
Dithmenos accepts your kill.
Your life force feels restored.
Dithmenos accepts your kill.
Your Invocations skill increases to level 3!
The fiery explosion engulfs you!!!
You die...

#.......#.............
#.#....#.###...#...#..
#.....#.%%#...........
####.###..#...###########
#....###............#..#
#....###...%%..........#
##..................###..
........%.....#.....###..
........§@§§.###....###..
.......§§§§§##
##....(.... .......§§§§##
##........ ...#...%§§§.##
##.........
##......%.###..........
##.......†#...........
##.........c.........
#...........†........
#.....................


There were no monsters in sight!

Vanquished Creatures
  Harold (D:8)
  A death yak (D:8)
  Pikel (D:5)
  Grinder (D:4)
  Prince Ribbit (D:5)
  Eustachio (D:4)
  Menkaure (D:7)
  A porcupine (D:8)
  Duvessa (D:4)
  2 orc warriors (D:8)
  A slave (D:5)
  A black bear (D:9)
  3 ogres
  A centaur (D:9)
  A big kobold (D:9)
  A bullfrog (D:5)
  Dowan (D:4)
  A water moccasin zombie (D:8)
  A wyvern skeleton (D:7)
  A scorpion (D:6)
  4 killer bees (D:9)
  7 wights
  3 howler monkeys
  2 jellies (D:6)
  4 orc priests
  A centaur skeleton (D:6)
  7 hounds
  2 bullfrog skeletons
  7 orc wizards
  2 worker ants
  Natasha (twice) (D:3)
  2 iguanas
  A hell rat (D:8)
  A hound zombie (D:9)
  Robin (D:4)
  17 gnolls
  A howler monkey skeleton (D:7)
  4 adders
  3 oozes
  An adder skeleton (D:8)
  4 worms
  5 dart slugs
  7 leopard geckos
  23 orcs
  3 bat zombies (D:5)
  2 giant cockroaches
  20 goblins
  9 hobgoblins
  7 jackals
  3 quokkas
  A ball python (D:3)
  7 bats
  2 frilled lizards (D:1)
  A giant cockroach zombie (D:6)
  9 kobolds
  A leopard gecko zombie (D:5)
  2 quokka skeletons
  5 rats
  3 rat zombies (D:5)
209 creatures vanquished.

Notes
Turn   | Place    | Note
-------+----------+-------------------------------------------
     0 | D:1      | teukkam the Minotaur Fighter began the quest for the Orb.
     0 | D:1      | Reached XP level 1. HP: 19/19 MP: 0/0
   122 | D:1      | Reached XP level 2. HP: 23/27 MP: 1/1
   385 | D:3      | Noticed Natasha
   475 | D:2      | Reached XP level 3. HP: 33/33 MP: 2/2
   751 | D:3      | Found a shadowy altar of Dithmenos.
   777 | D:3      | Reached XP level 4. HP: 35/41 MP: 3/3
   814 | D:3      | Reached XP level 5. HP: 23/47 MP: 4/4
  1026 | D:5      | Entered Level 5 of the Dungeon
  1087 | D:4      | Reached skill level 5 in Fighting
  1091 | D:4      | Got an opalescent robe
  1102 | D:4      | Identified the +2 robe of the Swamp {rN+ Dex+3 Stlth+} (You
                  | found it on level 4 of the Dungeon)
  1234 | D:3      | Became a worshipper of Dithmenos the Shadowed
  1245 | D:3      | Reached skill level 5 in Shields
  1322 | D:3      | Found a glowing golden altar of the Shining One.
  1829 | D:2      | Reached skill level 5 in Armour
  1874 | D:2      | Found a blossoming altar of Fedhas.
  2151 | D:2      | Reached * piety under Dithmenos
  2488 | D:3      | Killed Natasha
  2488 | D:3      | Reached skill level 1 in Short Blades
  2488 | D:3      | Reached skill level 1 in Stealth
  2488 | D:3      | Reached XP level 6. HP: 52/56 MP: 5/5
  2534 | D:3      | Noticed Natasha
  2543 | D:3      | Killed Natasha
  2702 | D:3      | Found a hazy altar of Hepliaklqana.
  2712 | D:3      | Found a basalt altar of Yredelemnul.
  2994 | D:4      | Noticed Grinder
  3000 | D:4      | Noticed Dowan
  3002 | D:4      | Killed Grinder
  3002 | D:4      | Reached skill level 3 in Short Blades
  3002 | D:4      | Reached XP level 7. HP: 38/61 MP: 6/6
  3002 | D:4      | Noticed Duvessa
  3004 | D:4      | Noticed Eustachio
  3013 | D:4      | Killed Duvessa
  3020 | D:4      | Killed Dowan
  3020 | D:4      | Reached skill level 4 in Short Blades
  3027 | D:4      | Killed Eustachio
  3144 | D:4      | Noticed Robin
  3163 | D:4      | Killed Robin
  3245 | D:4      | Reached skill level 5 in Short Blades
  3389 | D:4      | Got a faintly glowing wooden ring
  3390 | D:4      | Identified the ring "Caorif" {+Fly Str+5 Dex+5 SInv} (You
                  | found it on level 4 of the Dungeon)
  4010 | D:5      | Found a white marble altar of Elyvilon.
  4035 | D:5      | Noticed Pikel
  4396 | D:6      | Found Risu's Gadget Shoppe.
  4397 | D:6      | Found Muox's Book Shoppe.
  4400 | D:6      | Found Sosmul's Distillery.
  4403 | D:6      | Found Jieceir's Weapon Shoppe.
  4404 | D:6      | Reached XP level 8. HP: 68/68 MP: 7/7
  4470 | D:6      | Found a staircase to the Ecumenical Temple.
  4494 | D:7      | Found Kairyf's Distillery.
  4495 | D:7      | Noticed Menkaure
  4534 | D:8      | Noticed a death yak
  4591 | D:8      | Found a blossoming altar of Fedhas.
  4592 | D:8      | Found a stormy altar of Qazlal.
  4598 | D:8      | Noticed a death yak
  4598 | D:8      | Noticed a death yak
  4668 | D:7      | Killed Menkaure
  4668 | D:7      | Reached skill level 6 in Short Blades
  4668 | D:7      | Reached skill level 5 in Stealth
  4848 | D:7      | Found an ornate altar of the Wu Jian Council.
  4920 | D:6      | Found an iron altar of Okawaru.
  4920 | D:6      | Found a bloodstained altar of Trog.
  4956 | D:6      | Reached skill level 7 in Short Blades
  5075 | D:6      | Reached ** piety under Dithmenos
  5560 | D:5      | Reached XP level 9. HP: 69/74 MP: 8/8
  5605 | D:5      | Noticed Prince Ribbit
  5616 | D:5      | Killed Prince Ribbit
  5616 | D:5      | Reached skill level 8 in Short Blades
  5815 | D:5      | Killed Pikel
  6047 | D:5      | Found an ancient bone altar of Kikubaaqudgha.
  6383 | D:7      | Reached skill level 9 in Short Blades
  6408 | D:7      | Found an opulent altar of Gozag.
  6910 | D:8      | Noticed Harold
  6914 | D:8      | Killed Harold
  6914 | D:8      | Reached skill level 10 in Short Blades
  6947 | D:8      | Reached *** piety under Dithmenos
  6966 | D:8      | Reached XP level 10. HP: 77/81 MP: 9/9
  7208 | D:8      | Found a staircase to the Lair.
  7212 | D:8      | Killed a death yak
  7568 | D:9      | Found a deep blue altar of Sif Muna.
  7668 | D:9      | Gained mutation: You are robust. (+10% HP) [potion of
                  | mutation]
  7668 | D:9      | Gained mutation: You are resistant to electric shocks.
                  | (rElec) [potion of mutation]
  7670 | D:9      | Killed from afar by a killer bee

Skill      XL: |  1  2  3  4  5  6  7  8  9 10 |
---------------+-------------------------------+-----
Fighting       | 4 5 |  5.0
Axes           | 3 4 |  4.1
Armour         | 4 5 |  5.0
Shields        | 4 5 |  5.0
Short Blades   | 1 3 5 7 10 | 10.7
Stealth        | 1 2 4 6 8 9 |  9.1
Invocations    | 3 |  3.0

Action                   |  1- 3 |  4- 6 |  7- 9 | 10-12 || total
-------------------------+-------+-------+-------+-------++-------
Melee: War axe           |    54 |    47 |       |       ||   101
       Headbutt          |     6 |    33 |    79 |    11 ||   129
       Short sword       |       |   111 |   108 |       ||   219
       Dagger            |       |       |   168 |    51 ||   219
Invok: Shadow Step       |       |       |       |     1 ||     1
Evoke: Wand              |       |     1 |     5 |     2 ||     8
  Use: Potion            |       |     2 |       |     4 ||     6
       Scroll            |       |     1 |     2 |     2 ||     5
 Stab: Sleeping          |       |     7 |    21 |     4 ||    32
       Paralysed         |       |       |     1 |       ||     1
       Distracted        |       |       |     1 |       ||     1
  Eat: Ration            |       |     2 |     3 |       ||     5
       Chunk             |       |     1 |     3 |       ||     4
Armor: Scale mail        |    23 |    27 |       |       ||    50
       Robe              |       |    20 |    45 |     4 ||    69
Dodge: Dodged            |    17 |    43 |    57 |    29 ||   146
Block: Shield            |    36 |   104 |   167 |    40 ||   347
       Reflection        |       |     4 |     1 |       ||     5
